Bob, neutral female gnomish Wizard ------- ----- |..|..---- --- ---.|.--- |......|.-- ---.--- ---.......- --........| --.....----- --.......... ---......| --- ----- |.......--.--- |.....---... |......---.--- |...-- --- |............--- --....| |..- |.-.....*....-- |....| --.-- ---............-- --...---.-- |........|....---- |--..| |...| |.............--- --.......-- |.|.....---......---...--------...| |.....--....*...- ---..).%.| |.|.....- --.....................-- |......... --....-- |.|...... ..........-----------^| --.........--- |....| |.|---- ----.....| |.--|.| --............| |..--- |.| --....| |..--.-- ----------.......).....| --.-- ---|.| ---..-- |......-- |.b@.f...%.`...........---.-- |.--.|---- --<.| --.....---.d-------...-- ---........---- |^.(.--..| |-%-- --........- --(.| |.........|.-- |.......-- |...| |...----- --.| ---..........| --...---- --.-- --..| |.| --.--.|....| ----- --- ---- --- -------..-- ---- Bob the Conjurer Experience level: 3 Strength: 9 Dexterity: 12 Constitution: 15 Intelligence: 19 Wisdom: 11 Charisma: 10 Health: 0(19) Energy: 37(37) Def: 1 Gold: 87 Moves: 1605 Dungeon seed: NvFWLXhjRfoadjfF Game ID: Bob_1455121464 Your Inventory: Coins $ - 87 gold pieces Weapons a - a blessed +1 quarterstaff (weapon in hands) Armor e - a blessed +0 cloak of magic resistance (being worn) Comestibles o - an uncursed tin of kobold meat r - an uncursed food ration Scrolls i - an uncursed scroll of enchant weapon j - an uncursed scroll of identify k - an uncursed scroll of create monster t - an uncursed scroll of destroy armor Spellbooks l - a blessed spellbook of force bolt m - an uncursed spellbook of detect unseen q - an uncursed spellbook of charm monster Potions f - an uncursed potion of paralysis g - an uncursed potion of restore ability h - an uncursed potion of see invisible Rings c - a blessed +1 ring of adornment d - an uncursed ring of polymorph Wands b - a wand of polymorph (0:6) Tools p - an uncursed skeleton key s - a can of grease (0:14) Spells and supernatural/magical abilities: Name Level Category Fail Memory a - force bolt 1 attack 0% 92% U - detect unseen 3 divination 79% 92% W - pray for help -- divine ? -- Your skills at the end: Fighting Skills Weapon Skills quarterstaff [Basic] Spellcasting Skills attack spells [Basic] enchantment spells [Basic] Final Attributes: You were piously aligned. You were magic-protected. You had infravision. You are dead. Vanquished creatures: a dwarf a homunculus 2 coyotes a gas spore 5 giant rats 3 yellow molds 2 green molds a gnome a gnome zombie 2 jackals a kobold 2 goblins 4 sewer rats 6 grid bugs 3 lichens 2 kobold zombies 3 newts 40 creatures vanquished. Voluntary challenges: You used a wielded weapon 33 times, starting on turn 130. You were illiterate. You never genocided any monsters. You never polymorphed an object. You never changed form. You used no wishes. You never split a pudding. You never wrote Elbereth's name. You never violated your personal moral code. Dungeon overview: The Dungeons of Doom: levels 1 to 3 Level 1 a long staircase Level 2 a general store, an altar to Anhur, a fountain Level 3 a fountain stairs to The Gnomish Mines The Gnomish Mines: Level 4 <- You were here stairs to The Dungeons of Doom History has recorded: On T:1 you entered the Dungeons of Doom to retrieve the Amulet of Yendor! On T:17 you reached level 2 of The Dungeons of Doom. On T:618 you advanced to experience level 2. On T:824 you reached level 3 of The Dungeons of Doom. On T:1025 you advanced to experience level 3. On T:1088 you reached level 1 of The Gnomish Mines. Score breakdown: Gold: 87 ( 6614 points) Experience: 3 levels ( 7878 points) Exploration: 4 levels ( 8.00%) ( 7423 points) Discoveries: 0 items ( 0.00%) ( 0 points) Valuables value: (no points given unless you survive) Artifact value: 0 ( 0 points) Variety of kills: 17 monsters ( 4.46%) ( 6336 points) Turncount: 1605 turns ( 0 points) Survival: died (score multiplied by 80%) Total score: 22600 Latest messages: You miss the coyote. The coyote bites! You die... Final status: Goodbye Bob the Wizard, killed by a coyote... You died in The Gnomish Mines on dungeon level 4 with 22600 points, and 87 pieces of gold, after 1605 moves. You were level 3 with a maximum of 19 hit points when you died.